 Dungeon Crawl Stone Soup version 0.26.1-2-gb8aa6d0cf2 (webtiles) character file.

Game seed: 416006004097084602

562742 DearestLeader the Englaciator (level 27, -21/210 HPs)
             Began as a Merfolk Ice Elementalist on Mar 24, 2021.
             Was the Champion of Vehumet.
             Killed by the air
             ... invoked by a titan
              (23 damage)
             ... on level 5 of the Vaults on Mar 25, 2021.
             The game lasted 02:58:18 (69956 turns).

DearestLeader the Englaciator (MfIE)               Turns: 69956, Time: 02:58:19

Health: -21/210    AC: 26    Str:  9    XL:     27
Magic:  47/53      EV: 29    Int: 28    God:    Vehumet [******]
Gold:   5282       SH: 15    Dex: 20    Spells: 25/61 levels left

rFire    + . .     SeeInvis +   C - +4 demon trident (venom)
rCold    + . .     Faith    .   y - +2 buckler {AC+3}
rNeg     + . .     Spirit   .   A - +6 acid dragon scales of the Furrier {rF+ rCorr}
rPois    +         Reflect  +   Z - +2 helmet {SInv}
rElec    .         Harm     .   S - +2 cloak {rPois}
rCorr    +         Rampage  .   T - +0 pair of fencer's gloves {Riposte Dex+3}
Will     ++...                  L - +2 pair of boots
Stlth    ++........             X - amulet of reflection
HPRegen  0.45/turn              d - ring "Ahousch Jawo" {rN+ Int+4}
MPRegen  0.33/turn              l - ring of Xoilem {rC+ MP+9}

@: no potions, studying Summonings
A: change form in water, swift swim, stealthy swim
}: 2/15 runes: decaying, serpentine
a: Renounce Religion


You were on level 5 of the Vaults.
You worshipped Vehumet.
Vehumet was exalted by your worship.
You visited 9 branches of the dungeon, and saw 44 of its levels.
You visited the Abyss 1 time.
You visited 1 bazaar.
You also visited: Trove, Gauntlet, Ice Cave and Volcano.

You collected 8417 gold pieces.
You spent 3135 gold pieces at shops.

Inventory:

Hand Weapons
 C - a +4 demon trident of venom (weapon)
 J - the +10 hunting sling of the Secret Dances {venom, *Corrode rF+++ Dex+4}
   (You found it on level 3 of the Elven Halls)

   It poisons the ammo it fires.
   It affects your dexterity (+4).
   It renders you almost immune to fire.
   It may corrode you when you take damage.
Missiles
 c - 23 curare-tipped darts (quivered)
 R - 47 sling bullets
Armour
 y - a +2 buckler of protection (worn)
 A - the +6 acid dragon scales of the Furrier (worn) {rF+ rCorr}
   (You bought it in a shop on level 13 of the Dungeon)

   It protects you from fire.
   It provides partial protection from all sources of acid and corrosion.
 L - a +2 pair of boots (worn)
 S - a +2 cloak of poison resistance (worn)
 T - the +0 pair of fencer's gloves (worn) {Riposte Dex+3}
   (You found it on level 1 of the Elven Halls)

   It affects your dexterity (+3).
 Z - a +2 helmet of see invisible (worn)
Magical Staves
 w - an uncursed staff of cold
Jewellery
 d - the ring "Ahousch Jawo" (left hand) {rN+ Int+4}
   (You bought it in a shop on level 3 of the Snake Pit)

   [ring of positive energy]

   It affects your intelligence (+4).
   It protects you from negative energy.
 l - the ring of Xoilem (right hand) {rC+ MP+9}
   (You bought it in a shop on level 3 of the Snake Pit)

   [ring of magical power]

   It protects you from cold.
   It affects your magic capacity (+9).
 o - an uncursed ring of magical power
 v - an uncursed amulet of magic regeneration
 X - an amulet of reflection (around neck)
 Y - an uncursed ring of willpower
Wands
 a - a wand of acid (40)
 m - a wand of disintegration (27)
 u - a wand of iceblast (52)
 B - a wand of digging (12)
 H - a wand of paralysis (14)
 I - a wand of enslavement (26)
 U - a wand of random effects (56)
Scrolls
 e - 3 scrolls of blinking
 f - a scroll of holy word
 h - 25 scrolls of remove curse
 i - 7 scrolls of magic mapping
 j - 20 scrolls of teleportation
 k - a scroll of silence
 t - 9 scrolls of amnesia
 x - 3 scrolls of fear
 D - a scroll of enchant weapon
 G - a scroll of summoning
 O - 9 scrolls of fog
 W - 6 scrolls of identify
Potions
 b - 17 potions of curing
 n - 5 potions of magic
 p - 6 potions of might
 q - 12 potions of brilliance
 r - 8 potions of flight
 s - 3 potions of ambrosia
 z - a potion of berserk rage
 E - 15 potions of heal wounds
 F - 4 potions of resistance
 K - 4 potions of haste
 M - 6 potions of mutation
 Q - 6 potions of cancellation
 V - 3 potions of invisibility
Books
 g - a manual of Summonings


   Skills:
 + Level 15.9 Fighting
 - Level 14.0 Polearms
 - Level 6.0 Slings
 - Level 3.0 Armour
 + Level 22.0 Dodging
 - Level 2.1 Stealth
 + Level 11.6 Shields
 + Level 17.9 Spellcasting
 * Level 11.5 Hexes
 + Level 11.7 Summonings
 O Level 27 Ice Magic


You had 25 spell levels left.
You knew the following spells:

 Your Spells              Type           Power        Failure   Level
a - Freeze                Ice            100%         0%          1
b - Frozen Ramparts       Ice            100%         0%          3
c - Ozocubu's Armour      Ice            100%         0%          3
d - Summon Ice Beast      Ice/Summ       93%          0%          4
e - Hailstorm             Conj/Ice       79%          1%          4
f - Ozocubu's Refrigerat  Ice            54%          0%          6
g - Absolute Zero         Ice            54%          1%          9
h - Invisibility          Hex            74%          4%          6

Your spell library contained the following spells:

 Spells                   Type           Power        Failure   Level
 Ignition                 Fire           12%          100%        8
 Lehudib's Crystal Spear  Conj/Erth      12%          100%        8
 Corona                   Hex            82%          1%          1
 Magic Dart               Conj           100%         1%          1
 Sandblast                Erth           50%          1%          1
 Shock                    Conj/Air       100%         1%          1
 Summon Small Mammal      Summ           100%         1%          1
 Call Imp                 Summ           74%          1%          2
 Searing Ray              Conj           50%          1%          2
 Slow                     Hex            74%          1%          2
 Call Canine Familiar     Summ           74%          1%          3
 Dazzling Flash           Conj/Hex       100%         1%          3
 Inner Flame              Hex/Fire       55%          1%          3
 Portal Projectile        Hex/Tloc       100%         1%          3
 Cause Fear               Hex            37%          1%          4
 Fulminant Prism          Conj/Hex       27%          1%          4
 Ice Form                 Ice/Tmut       79%          1%          4
 Metabolic Englaciation   Hex/Ice        46%          1%          5
 Simulacrum               Ice/Necr       39%          1%          6
 Conjure Flame            Conj/Fire      25%          2%          3
 Ignite Poison            Fire/Tmut/Pois 25%          2%          3
 Mephitic Cloud           Conj/Pois/Air  25%          2%          3
 Static Discharge         Conj/Air       25%          2%          3
 Stone Arrow              Conj/Erth      50%          2%          3
 Leda's Liquefaction      Hex/Erth       27%          2%          4
 Summon Lightning Spire   Summ/Air       55%          2%          4
 Yara's Violent Unravell  Hex/Tmut       27%          2%          5
 Animate Skeleton         Necr           50%          3%          1
 Apportation              Tloc           50%          3%          1
 Beastly Appendage        Tmut           50%          3%          1
 Pain                     Necr           100%         3%          1
 Sting                    Tmut/Pois      100%         3%          1
 Freezing Cloud           Conj/Ice/Air   33%          3%          6
 Blink                    Tloc           N/A          4%          2
 Passwall                 Tmut/Erth      20%          4%          2
 Poisonous Vapours        Pois/Air       50%          4%          2
 Sublimation of Blood     Necr           12%          4%          2
 Swiftness                Air            25%          4%          2
 Wereblood                Tmut           25%          4%          2
 Summon Forest            Summ/Tloc      27%          7%          5
 Airstrike                Air            12%          8%          4
 Iskenderun's Mystic Bla  Conj/Tloc      25%          8%          4
 Olgreb's Toxic Radiance  Pois           25%          8%          4
 Silence                  Hex/Air        27%          8%          5
 Gell's Gravitas          Tloc           12%          9%          3
 Lesser Beckoning         Tloc           12%          9%          3
 Spider Form              Tmut/Pois      12%          9%          3
 Teleport Other           Tloc           25%          9%          3
 Vampiric Draining        Necr           12%          9%          3
 Bolt of Magma            Conj/Fire/Erth 12%          21%         5
 Iskenderun's Battlesphe  Conj           25%          21%         5
 Lee's Rapid Deconstruct  Erth           12%          21%         5
 Lightning Bolt           Conj/Air       12%          21%         5
 Animate Dead             Necr           12%          28%         4
 Passage of Golubria      Tloc           N/A          28%         4
 Petrify                  Tmut/Erth      25%          28%         4
 Spellforged Servitor     Conj/Summ      27%          45%         7
 Agony                    Necr           25%          63%         5
 Blade Hands              Tmut           12%          63%         5
 Borgnjor's Vile Clutch   Necr/Erth      12%          63%         5
 Conjure Ball Lightning   Conj/Air       12%          71%         6
 Eringya's Noxious Bog    Tmut/Pois      12%          71%         6
 Iron Shot                Conj/Erth      12%          71%         6
 Discord                  Hex            37%          86%         8
 Dispersal                Tloc           12%          99%         6
 Orb of Destruction       Conj           12%          99%         7
 Chain Lightning          Conj/Air       12%          100%        8
 Dragon's Call            Summ           37%          100%        9
 Fire Storm               Conj/Fire      12%          100%        9
 Tornado                  Air            12%          100%        9


Dungeon Overview and Level Annotations

Branches:
Dungeon (15/15)            Temple (1/1) D:5            Lair (6/6) D:8
  Swamp (4/4) Lair:2        Snake (4/4) Lair:3        Slime (0/5) Lair:5
    Orc (2/2) D:11            Elf (3/3) Orc:2        Vaults (5/5) D:13
  Crypt (0/3) Vaults:3     Depths (4/5) D:15          IceCv (visited)
Volcano (visited)         Gauntlet (visited)

Altars:
Ashenzari
Cheibriados
Dithmenos
Elyvilon
Fedhas
Gozag
Hepliaklqana
Kikubaaqudgha
Makhleb
Nemelex Xobeh
Okawaru
Qazlal
Ru
Sif Muna
Trog
Uskayaw
Vehumet
Wu Jian
Xom
Yredelemnul
Zin
The Shining One
Beogh
Jiyva

Shops:
D:5 [   D:8 (   D:13 [   Orc:2 [[[*   Elf:1 [   Snake:1 ![   Snake:3 }=}
Vaults:4 *

Portals:
Hell: Depths:1 Depths:2 Depths:3 Depths:4
Abyss: Depths:1 Depths:4
Pandemonium: Depths:1 Depths:2
Ziggurat: Depths:3

Annotations:
Lair:1 Urug
Lair:5 1 runed translucent door, TryExcept's ghost, journeyman HuGl
Lair:6 exclusion: oklob plant
Snake:2 Roxanne
Snake:4 Icun's ghost, journeyman GnWr; Liforeniyw's ghost, adept MiBe; Nys Cevy's ghost, adept TrFi


Message History

You're too confused to move!
You feel less confused.
The yaktaur captain shoots a bolt.
You reflect the bolt off an invisible shield around you!
The bolt hits the yaktaur captain!!
You kill the yaktaur captain!
Vehumet accepts your kill.
You feel your power returning.
The sphinx casts a spell.
Something smites you!
* * * LOW HITPOINT WARNING * * *
The deep elf annihilator gestures wildly while chanting.
The deep elf annihilator blinks!
The phantasmal warrior barely misses you.
The deep elf mage mumbles some strange words.
The vault warden hits you with a +0 great mace!
* * * LOW HITPOINT WARNING * * *
The titan waves its arms in wide circles.
The air twists around and strikes you!!
You die...

####).#....# ##
......#....#.$|
...).#....#[##
.........o.).
#####.....C..[##
.......C§.[.....
......[[pY<[[...
.......@He.<§.[.
.......W(<<.[...
######.[[[[...##
...........#
)...#[.[.#...
#..#..#[.[.# §.
...#..#.$[[# .
.. #..#.[..#


You could see a titan, a sphinx, a stone giant, a vault warden, an orc knight, a
phantasmal warrior, a deep elf mage and an ice beast (summoned).

Vanquished Creatures
  An ancient lich (Depths:2)
  Mara (Swamp:4)
  Bai Suzhen (Swamp:3)
  The ghost of Xihoome the Slayer, a veteran MiGl of Okawaru (Elf:1)
  Frederick (Vaults:3)
  Margery (Vaults:5)
  the Lernaean hydra (Swamp:4)
  2 golden dragons (Depths:4)
  Nikola (Swamp:3)
  the Enchantress (Depths:1)
  3 liches
  2 tentacled monstrosities (Vaults:4)
  4 quicksilver dragons
  4 deep elf master archers (Elf:3)
  2 titans (Vaults:4)
  6 sphinxes
  4 deep elf blademasters
  A tentacled starspawn (Abyss:3)
  The ghost of Yakesh the Executioner, an adept MiFi of Gozag (Elf:1)
  3 shadow dragons
  4 storm dragons
  3 thorn hunters (Swamp:3)
  The ghost of Tuffe the Warrior, an adept FoFi of Okawaru (Snake:4)
  2 tengu reavers
  Donald (Snake:1)
  3 fire giants
  16 nagarajas
  10 deep elf sorcerers
  A draconian monk (Abyss:3)
  7 frost giants
  Louise (D:15)
  13 vault wardens
  An iron dragon (Depths:4)
  7 deep elf elementalists (Elf:3)
  8 very ugly things
  3 spriggan defenders (Depths:1)
  A ghoul (Vaults:3)
  17 ironheart preservers
  2 war gargoyles
  3 stone giants
  Nessos (D:15)
  3 vampire knights
  3 bunyips
  5 deep elf demonologists
  A dire elephant (D:15)
  A bunyip (shapeshifter) (Vaults:1)
  An entropy weaver (Vaults:4)
  14 spark wasps
  10 deep elf annihilators
  2 green deaths (Swamp:4)
  3 eidola (Depths:2)
  5 eleionomae
  8 ettins
  14 fire dragons
  A death ooze (Swamp:4)
  3 shambling mangroves
  Josephine (D:15)
  12 yaktaur captains
  7 deep elf death magi
  6 great orbs of eyes
  4 ice dragons
  7 naga warriors
  11 deep elf high priests
  4 rakshasas
  16 hydras
  3 spriggan air magi
  46 vault guards
  A merfolk avatar (Lair:6)
  3 ghost crabs
  2 hell beasts
  9 centaur warriors
  5 boulder beetles
  13 deep troll shamans
  17 anacondas
  A catoblepas (Vaults:4)
  15 alligators
  3 death yaks (Lair:5)
  4 tengu warriors
  9 ogre magi
  24 dancing weapons
  42 two-headed ogres
  15 naga sharpshooters
  A titan zombie (Depths:3)
  4 thrashing horrors
  8 deep troll earth magi
  6 vampire magi
  5 hell knights (Vaults:5)
  Sonja (D:10)
  6 shock serpents
  2 soul eaters
  3 orc high priests (Orc:2)
  A spriggan berserker (Depths:4)
  8 spriggans
  A fire crab (Volcano)
  6 skeletal warriors
  26 deep elf knights
  3 shadow wraiths (Depths:2)
  5 iron trolls
  A goliath frog (shapeshifter) (Depths:1)
  6 salamander mystics
  4 wretched stars (Abyss:3)
  5 goliath frogs
  2 death drakes (shapeshifter)
  9 bog bodies
  5 naga ritualists
  9 swamp dragons
  14 deep elf archers
  43 deep trolls
  3 unseen horrors
  7 flayed ghosts
  10 sea snakes
  A swamp dragon (shapeshifter) (Gauntlet)
  3 spriggan druids
  6 harpies
  2 orange crystal statues (Depths:2)
  7 glowing orange brains
  An obsidian statue (Gauntlet)
  4 wizards
  Pikel (D:4)
  14 ironbrand convokers
  7 necromancers
  2 phantasmal warriors
  A lindwurm (Volcano)
  A golden dragon skeleton (Depths:1)
  14 orc knights
  A mana viper (shapeshifter) (Gauntlet)
  9 mana vipers
  77 deep elf magi
  47 ugly things
  2 oklob plants (Swamp:3)
  A spectral hydra (Depths:2)
  A human zombie (Vaults:2)
  3 wolf spiders
  2 wolf spider zombies
  3 tengu skeletons
  3 orc sorcerers (Orc:2)
  A sphinx skeleton (Depths:1)
  22 salamanders
  12 elephants
  3 manticores
  8 cyclopes
  10 will-o-the-wisps
  13 guardian serpents
  A frost giant skeleton (Vaults:2)
  2 ice statues (IceCv)
  39 black mambas
  13 vault sentinels
  A cane toad (shapeshifter) (Depths:3)
  Maurice (Orc:1)
  An elf zombie (Depths:3)
  4 orange demons
  11 cane toads
  A torpor snail (Lair:5)
  A stone giant skeleton (Depths:3)
  19 naga magi
  2 gargoyles
  An anaconda simulacrum (Depths:2)
  5 rime drakes
  8 komodo dragons
  2 kobold demonologists (D:12)
  45 yaktaurs
  3 ice devils (IceCv)
  A human skeleton (Vaults:2)
  A hellwing (Abyss:3)
  A yaktaur (shapeshifter) (Vaults:1)
  7 freezing wraiths
  A spectral merfolk (Depths:2)
  A queen bee (Gauntlet)
  An ancient zyme (Abyss:3)
  2 tengu conjurers
  A jumping spider (shapeshifter) (Vaults:2)
  4 trolls
  A bloated husk (Swamp:2)
  A shadow dragon simulacrum (Depths:1)
  17 hornets
  A troll (shapeshifter) (D:13)
  A red devil (Depths:3)
  A wind drake (shapeshifter) (Vaults:1)
  9 tyrant leeches
  6 polar bears
  A human simulacrum (Vaults:2)
  5 raiju
  A slime creature (shapeshifter) (Depths:4)
  25 slime creatures
  15 blink frogs
  A raiju (shapeshifter) (Vaults:1)
  6 dream sheep (Lair:4)
  5 flying skulls
  An ice dragon zombie (Depths:1)
  5 air elementals
  7 shadows
  4 large abominations
  A hog (shapeshifter) (Elf:3)
  13 wraiths
  A vampire (Depths:2)
  2 ynoxinuls (Abyss:3)
  2 redbacks (Vaults:4)
  6 wyverns
  15 yaks
  Eustachio (D:5)
  2 fire elementals
  4 small abominations (Abyss:3)
  11 water elementals
  6 fire bats (Volcano)
  4 basilisks
  A neqoxec (Abyss:3)
  8 vampire mosquitoes (Swamp:1)
  2 chaos spawn (Abyss:3)
  A steam dragon (Volcano)
  Menkaure (D:7)
  65 nagas
  4 wargs (Depths:2)
  14 swamp worms
  5 acid dragons
  A hydra simulacrum (Depths:2)
  A nameless horror (D:10)
  13 hell hounds
  19 water moccasins
  2 floating eyes
  36 orc warriors
  3 swamp drakes (Swamp:3)
  A floating eye (shapeshifter) (Gauntlet)
  A spectral spriggan (Depths:2)
  5 black bears
  An eye of draining (Vaults:4)
  3 ice beasts
  A snapping turtle zombie (Depths:2)
  2 spectral trolls (Depths:2)
  3 phantoms
  2 sky beasts
  An eye of draining (shapeshifter) (Vaults:2)
  28 ogres
  9 boggarts
  22 wolves
  10 starcursed masses (Abyss:3)
  19 centaurs
  3 lemures (D:4)
  3 big kobolds
  25 bullfrogs
  4 earth elementals
  A wyvern zombie (D:14)
  A wyvern skeleton (D:12)
  6 scorpions
  2 troll zombies (D:11)
  6 killer bees
  3 spectral nagas (Depths:2)
  2 spectral ogres (Depths:2)
  An elf simulacrum (Vaults:1)
  11 wights
  4 spectral centaurs (Depths:2)
  10 electric eels
  A howler monkey (D:13)
  3 draconian simulacra (IceCv)
  4 centaur zombies
  3 bullfrog skeletons
  4 jellies
  2 centaur skeletons
  7 hounds
  21 orc priests
  19 orc wizards
  An iron imp (Abyss:3)
  Jessica (D:2)
  3 iguanas
  13 worker ants
  A spriggan simulacrum (IceCv)
  5 ogre zombies (D:11)
  3 centaur simulacra (IceCv)
  Robin (D:4)
  12 adders
  5 gnolls (D:8)
  2 ogre simulacra (IceCv)
  3 shadow imps
  5 white imps
  2 ufetubi
  An ooze (D:4)
  2 adder skeletons (D:4)
  2 dart slugs
  3 leopard geckos
  88 orcs
  5 bats
  3 giant cockroaches
  15 goblins
  11 hobgoblins
  9 jackals
  19 kobolds
  9 quokkas
  A frilled lizard (shapeshifter) (Elf:1)
  3 frilled lizards
  A goblin skeleton (D:11)
  A goblin zombie (D:11)
  A hobgoblin zombie (D:11)
  A leopard gecko skeleton (D:6)
  2 orc skeletons (D:11)
  12 orc zombies (D:11)
  A quokka skeleton (D:6)
  6 rats
  2 blocks of ice
  16 butterflies (Vaults:4)
  A lurking horror (Abyss:3)
  A plant (Depths:1)
  2 starspawn tentacles (Abyss:3)
2052 creatures vanquished.

Vanquished Creatures (collateral kills)
  3 hydras
  A boulder beetle (D:12)
  4 death yaks (Lair:5)
  2 orc high priests (Orc:1)
  2 skeletal warriors (D:15)
  An orc knight (Orc:1)
  A black mamba (Lair:5)
  4 elephants
  2 cane toads
  A freezing wraith (D:14)
  A rime drake (Lair:4)
  A troll (Orc:1)
  A hornet (Lair:6)
  6 blink frogs
  5 yaks (D:11)
  2 basilisks
  A neqoxec (Gauntlet)
  A chaos spawn (Gauntlet)
  A naga (Snake:2)
  2 orc warriors (Orc:1)
  A phantom (D:11)
  An ogre (Orc:1)
  A bullfrog (Lair:1)
  An orc priest (D:11)
  2 orc wizards
  A troll simulacrum (IceCv)
  An ogre zombie (D:11)
  A leopard gecko (D:11)
  7 orcs
  A goblin zombie (D:11)
  A hobgoblin skeleton (D:11)
  6 kobolds (D:11)
  An orc skeleton (D:11)
  5 orc zombies (D:11)
72 creatures vanquished.

Vanquished Creatures (others)
  A war gargoyle (Depths:2)
  A deep elf knight (Elf:1)
  An unseen horror (shapeshifter) (Elf:1)
  A bloated husk (Swamp:3)
  An orc warrior (Orc:2)
  An orc priest (Orc:2)
  3 orc wizards (Orc:2)
  A goblin (D:2)
  A jackal (D:11)
  151 blocks of ice
  A bush (Lair:6)
  24 foxfires
  123 fungi
  235 plants
  4 withered plants (D:4)
549 creatures vanquished.

Grand Total: 2673 creatures vanquished

Notes
Turn   | Place    | Note
-------+----------+-------------------------------------------
     0 | D:1      | DearestLeader the Merfolk Ice Elementalist began the quest
                  | for the Orb.
     0 | D:1      | Reached XP level 1. HP: 13/13 MP: 3/3
   487 | D:1      | Reached XP level 2. HP: 10/19 MP: 3/5
   885 | D:1      | Reached skill level 5 in Ice Magic
  1763 | D:2      | Reached XP level 3. HP: 22/24 MP: 6/6
  1803 | D:2      | Noticed Jessica
  1813 | D:2      | Killed Jessica
  1856 | D:2      | Learned a level 3 spell: Frozen Ramparts
  1985 | D:2      | Found a stormy altar of Qazlal.
  2007 | D:2      | Noticed a sky beast
  2012 | D:2      | Reached skill level 6 in Ice Magic
  2022 | D:2      | Killed a sky beast
  2023 | D:2      | Reached skill level 7 in Ice Magic
  2023 | D:2      | Reached XP level 4. HP: 12/30 MP: 0/7
  2023 | D:2      | Reached XP level 5. HP: 15/35 MP: 0/8
  2339 | D:2      | Found a hide-covered altar of Uskayaw.
  2819 | D:3      | Reached skill level 1 in Polearms
  3103 | D:3      | Found a broken altar of Ashenzari.
  3299 | D:3      | Learned a level 3 spell: Ozocubu's Armour
  3404 | D:3      | Found a glowing golden altar of the Shining One.
  3704 | D:4      | Reached XP level 6. HP: 36/41 MP: 5/9
  3708 | D:4      | Got a masterwork war axe
  3708 | D:4      | Identified the +9 war axe "Cihosm" {drain, *Rage rF+++
                  | Str-4 Int+7} (You found it on level 4 of the Dungeon)
  4076 | D:4      | Found a burning altar of Makhleb.
  4091 | D:4      | Reached skill level 8 in Ice Magic
  4242 | D:4      | Noticed Robin
  4249 | D:4      | Killed Robin
  4263 | D:4      | Reached XP level 7. HP: 45/46 MP: 6/10
  4299 | D:4      | Found a blossoming altar of Fedhas.
  4300 | D:4      | Found an ancient bone altar of Kikubaaqudgha.
  4384 | D:4      | Reached skill level 5 in Polearms
  4486 | D:4      | Noticed Pikel
  4493 | D:4      | Killed Pikel
  4494 | D:4      | Reached XP level 8. HP: 19/52 MP: 8/11
  5266 | D:5      | Entered Level 5 of the Dungeon
  5395 | D:5      | Reached skill level 10 in Polearms
  5551 | D:5      | Found Mytzoth's Armour Boutique.
  5660 | D:5      | Found a staircase to the Ecumenical Temple.
  5694 | Temple   | Entered the Ecumenical Temple
  6019 | D:5      | Noticed Eustachio
  6037 | D:5      | Killed Eustachio
  6038 | D:5      | Reached skill level 1 in Fighting
  7086 | D:6      | Learned a level 4 spell: Summon Ice Beast
  7298 | D:6      | Found a white marble altar of Elyvilon.
  7624 | D:7      | Reached skill level 1 in Shields
  7644 | D:7      | Found a glowing silver altar of Zin.
  7648 | D:7      | Reached XP level 9. HP: 46/63 MP: 12/12
  8243 | D:7      | Noticed Menkaure
  8251 | D:7      | Killed Menkaure
  8952 | D:8      | Found Gocsoz's Weapon Emporium.
  8974 | D:8      | Found an iron altar of Okawaru.
  9079 | D:8      | Noticed a gargoyle
  9086 | D:8      | Found a staircase to the Lair.
  9492 | D:8      | Killed a gargoyle
  9774 | D:8      | Reached XP level 10. HP: 51/73 MP: 12/15
  9899 | D:8      | Found an ornate altar of the Wu Jian Council.
 10303 | D:9      | Reached skill level 9 in Ice Magic
 10675 | D:9      | Reached skill level 5 in Fighting
 10977 | D:9      | Found a bloodstained altar of Trog.
 11105 | D:9      | Found a radiant altar of Vehumet.
 11111 | D:9      | Became a worshipper of Vehumet
 11280 | D:9      | Noticed an eight-headed hydra
 11300 | D:9      | Killed an eight-headed hydra
 11515 | D:10     | Entered Level 10 of the Dungeon
 11774 | D:10     | Noticed Sonja
 11797 | D:10     | Killed Sonja
 11798 | D:10     | Reached skill level 10 in Ice Magic
 12056 | D:10     | Reached XP level 11. HP: 30/83 MP: 6/17
 12062 | D:10     | Reached skill level 5 in Dodging
 12464 | D:10     | Reached * piety under Vehumet
 12464 | D:10     | Offered knowledge of Sandblast by Vehumet.
 12546 | D:10     | Reached skill level 11 in Ice Magic
 12562 | D:10     | Got a translucent shortbow
 12898 | D:10     | Found a portal to a secret trove of treasure.
 13136 | Lair:1   | Entered Level 1 of the Lair of Beasts
 13331 | Lair:1   | Noticed a six-headed hydra
 13349 | Lair:1   | Killed a six-headed hydra
 14024 | Lair:1   | Reached skill level 12 in Ice Magic
 14117 | Lair:1   | Noticed Urug
 14118 | Lair:1   | You fall into a shaft and drop 1 floor!
 14125 | Lair:2   | Reached ** piety under Vehumet
 14126 | Lair:2   | Offered knowledge of Searing Ray by Vehumet.
 14707 | Lair:2   | Noticed an eight-headed hydra
 14730 | Lair:2   | Killed an eight-headed hydra
 14731 | Lair:2   | Reached XP level 12. HP: 53/94 MP: 1/18
 14937 | Lair:2   | Noticed a boulder beetle
 14970 | Lair:2   | Killed a boulder beetle
 15055 | Lair:2   | Noticed a four-headed hydra
 15068 | Lair:2   | Killed a four-headed hydra
 15214 | Lair:2   | Found a staircase to the Swamp.
 16156 | Lair:2   | Found a glowing golden altar of the Shining One.
 16755 | Lair:2   | Identified the +7 shortbow "Rompyegu" {venom, rElec Dex+2}
                  | (You found it on level 10 of the Dungeon)
 17223 | Lair:3   | Reached skill level 13 in Ice Magic
 17313 | Lair:3   | Found a staircase to the Snake Pit.
 18137 | Lair:4   | Found a frozen archway.
 18148 | IceCv    | Entered an ice cave
 19585 | Lair:4   | Offered knowledge of Stone Arrow by Vehumet.
 19746 | Lair:4   | Reached skill level 10 in Fighting
 19829 | Lair:4   | Reached skill level 14 in Ice Magic
 19840 | Lair:4   | Reached skill level 10 in Dodging
 19841 | Lair:4   | Reached *** piety under Vehumet
 20369 | Lair:4   | Reached XP level 13. HP: 94/104 MP: 19/19
 21046 | Lair:5   | Identified a scroll of acquirement
 21047 | Lair:5   | Acquired 829 gold pieces
 21085 | Lair:5   | Found a gate leading to a gauntlet.
 21104 | Gauntlet | Entered a Gauntlet
 21104 | Gauntlet | Found a transporter.
 21113 | Gauntlet | Found a transporter.
 21117 | Gauntlet | Found a transporter.
 21125 | Gauntlet | Found a transporter.
 21129 | Gauntlet | Found a transporter.
 21140 | Gauntlet | Found a transporter.
 21141 | Gauntlet | Found a transporter.
 21149 | Gauntlet | Found a transporter.
 21153 | Gauntlet | Found a transporter.
 21161 | Gauntlet | Found a transporter.
 21192 | Gauntlet | Found a transporter.
 21204 | Gauntlet | Found a transporter.
 21217 | Gauntlet | Found a transporter.
 21230 | Gauntlet | Found a transporter.
 21421 | Gauntlet | Offered knowledge of Sticky Flame by Vehumet.
 21763 | Gauntlet | HP: 3/97 [soul eater[an obsidian statue] (7)]
 21777 | Gauntlet | Got a pair of fine gloves
 21784 | Gauntlet | Noticed an ettin
 21784 | Gauntlet | a queen ant changed into an ettin
 21787 | Gauntlet | Identified the +1 pair of gloves of the Candlemaker
                  | {Rampage Str+2 SInv Stlth-} (You found it in a Gauntlet)
 21816 | Gauntlet | an ettin changed into a slime creature
 21907 | Gauntlet | Noticed an ice dragon
 21907 | Gauntlet | an anaconda changed into an ice dragon
 21911 | Gauntlet | an ice dragon changed into a wolf spider
 22180 | Gauntlet | Noticed a minotaur
 22496 | Lair:5   | Reached skill level 5 in Spellcasting
 22497 | Lair:5   | Reached skill level 1 in Armour
 22608 | Lair:5   | Reached skill level 15 in Ice Magic
 23529 | Lair:5   | Reached **** piety under Vehumet
 23731 | Lair:5   | Found a runed translucent door.
 23732 | Lair:5   | Found a shimmering altar of Xom.
 23732 | Lair:5   | Noticed TryExcept's ghost (journeyman HuGl)
 23825 | Lair:5   | Offered knowledge of Fulminant Prism by Vehumet.
 23971 | Lair:5   | Found a shimmering blue altar of Sif Muna.
 24372 | Lair:5   | Found a viscous altar of Jiyva.
 24373 | Lair:5   | Found a staircase to the Slime Pits.
 24460 | Lair:6   | Entered Level 6 of the Lair of Beasts
 24709 | Lair:6   | Reached XP level 14. HP: 113/113 MP: 23/23
 24887 | Lair:6   | Reached skill level 16 in Ice Magic
 25287 | Lair:6   | Reached ***** piety under Vehumet
 25373 | Lair:6   | Found a blossoming altar of Fedhas.
 25380 | Lair:6   | Offered knowledge of Lee's Rapid Deconstruction by Vehumet.
 25710 | Lair:6   | Reached skill level 1 in Summonings
 25947 | Lair:6   | Learned a level 4 spell: Hailstorm
 26960 | D:11     | Found a staircase to the Orcish Mines.
 27053 | D:11     | Identified the Catalogue of Doomed Flight
 27480 | D:11     | Offered knowledge of Orb of Destruction by Vehumet.
 27887 | Orc:1    | Entered Level 1 of the Orcish Mines
 27953 | Orc:1    | Found a dark tunnel.
 27960 | Volcano  | Entered a volcano
 28344 | Orc:1    | Noticed Maurice
 28354 | Orc:1    | Killed Maurice
 28355 | Orc:1    | Reached skill level 17 in Ice Magic
 28723 | Orc:1    | Found a roughly hewn altar of Beogh.
 29066 | Orc:1    | Reached XP level 15. HP: 105/118 MP: 10/26
 29310 | Orc:2    | Entered Level 2 of the Orcish Mines
 29425 | Orc:2    | Found a staircase to the Elven Halls.
 29626 | Orc:2    | HP: 5/118 [orc high priest/divine providence (15)]
 30321 | Orc:2    | Offered knowledge of Ozocubu's Refrigeration by Vehumet.
 30322 | Orc:2    | Reached skill level 5 in Summonings
 30336 | Orc:2    | Learned a level 6 spell: Ozocubu's Refrigeration
 30619 | Orc:2    | Found Qixzag's Antique Armour Shoppe.
 30619 | Orc:2    | Found Ydwofan's Armour Boutique.
 30621 | Orc:2    | Found Asmiskel's Antique Armour Shoppe.
 30621 | Orc:2    | Found Vusehiti's Assorted Antiques.
 30627 | Orc:2    | Bought an embroidered cloak for 270 gold pieces
 30645 | Orc:2    | Bought a runed buckler for 172 gold pieces
 32350 | D:13     | Found a roughly hewn altar of Beogh.
 33111 | D:13     | You fall into a shaft and drop 2 floors!
 33111 | D:15     | Entered Level 15 of the Dungeon
 33220 | D:15     | Reached skill level 18 in Ice Magic
 33480 | D:14     | Offered knowledge of Spellforged Servitor by Vehumet.
 34183 | D:13     | Found a gate to the Vaults.
 34198 | D:13     | Reached XP level 16. HP: 125/125 MP: 20/29
 34370 | D:13     | Found Inaqilemu's Armour Emporium.
 34396 | D:13     | Bought the +6 acid dragon scales of the Furrier {rF+ rCorr}
                  | for 1512 gold pieces
 34538 | D:15     | Found a sacrificial altar of Ru.
 34704 | D:15     | Noticed Josephine
 34711 | D:15     | Killed Josephine
 34825 | D:15     | Noticed Nessos
 34836 | D:15     | Killed Nessos
 35092 | D:15     | Found a staircase to the Depths.
 35300 | D:15     | Reached skill level 15 in Dodging
 35471 | D:15     | Noticed Louise
 35480 | D:15     | Cast into level 3 of the Abyss (Louise)
 35620 | Abyss:3  | Reached skill level 19 in Ice Magic
 35825 | Abyss:3  | Noticed a purple draconian monk
 35842 | Abyss:3  | Killed a purple draconian monk
 35908 | Abyss:3  | Offered knowledge of Eringya's Noxious Bog by Vehumet.
 35987 | Abyss:3  | Reached skill level 10 in Spellcasting
 36211 | Abyss:3  | Noticed a tentacled starspawn
 36220 | Abyss:3  | Killed a tentacled starspawn
 36532 | Abyss:3  | Noticed a Hell Sentinel
 36533 | D:15     | Escaped the Abyss
 36891 | D:15     | Killed Louise
 37435 | Snake:1  | Entered Level 1 of the Snake Pit
 37439 | Snake:1  | Noticed Donald
 37452 | Snake:1  | Killed Donald
 38295 | Snake:1  | Found Zaoxtec's Distillery.
 38299 | Snake:1  | Found Mobruros's Antique Armour Shoppe.
 38313 | Snake:1  | Bought a potion of heal wounds for 70 gold pieces
 38313 | Snake:1  | Bought a potion of haste for 140 gold pieces
 38399 | Snake:1  | Reached XP level 17. HP: 131/131 MP: 20/31
 38749 | Snake:1  | Reached skill level 20 in Ice Magic
 39159 | Snake:2  | Identified Roxanne's Grimoire of Transmutation
 39159 | Snake:2  | Noticed Roxanne
 40201 | Snake:2  | Found the +7 lajatang of Order {silver, rMut}
 40267 | Snake:3  | Offered knowledge of Fireball by Vehumet.
 40838 | Snake:3  | Found Dufruuko's Gadget Shop.
 40840 | Snake:3  | Found Ruhet's Jewellery Shoppe.
 40841 | Snake:3  | Found Igopifoi's Gadget Shop.
 40868 | Snake:3  | Bought the ring "Ahousch Jawo" {rN+ Int+4} for 495 gold
                  | pieces
 40868 | Snake:3  | Bought the ring of Xoilem {rC+ MP+9} for 476 gold pieces
 41477 | Snake:4  | Entered Level 4 of the Snake Pit
 41489 | Snake:4  | Found a runed translucent gate.
 41489 | Snake:4  | Found a runed translucent gate.
 41489 | Snake:4  | Found a runed translucent gate.
 41489 | Snake:4  | Noticed Nys Cevy's ghost (adept TrFi)
 41490 | Snake:4  | Noticed Icun's ghost (journeyman GnWr)
 41490 | Snake:4  | Noticed Tuffe's ghost (adept FoFi)
 41490 | Snake:4  | Noticed Liforeniyw's ghost (adept MiBe)
 42262 | Snake:4  | Reached ****** piety under Vehumet
 42318 | Snake:4  | Reached XP level 18. HP: 133/138 MP: 34/34
 42472 | Snake:4  | Reached skill level 21 in Ice Magic
 43010 | Snake:4  | Offered knowledge of Chain Lightning by Vehumet.
 43525 | Snake:4  | Got a serpentine rune of Zot
 43934 | Snake:4  | Killed Tuffe's ghost
 44270 | Swamp:1  | Entered Level 1 of the Swamp
 44417 | Swamp:1  | Offered knowledge of Lehudib's Crystal Spear by Vehumet.
 44417 | Swamp:1  | Offered knowledge of Ignition by Vehumet.
 44417 | Swamp:1  | Offered knowledge of Absolute Zero by Vehumet.
 44430 | Swamp:1  | Learned a level 9 spell: Absolute Zero
 44682 | Swamp:1  | Reached XP level 19. HP: 143/143 MP: 33/37
 45186 | Swamp:2  | Reached skill level 22 in Ice Magic
 45399 | Swamp:2  | Reached skill level 15 in Spellcasting
 45911 | Swamp:3  | Noticed Nikola
 45921 | Swamp:3  | Killed Nikola
 46674 | Swamp:3  | Reached skill level 23 in Ice Magic
 46774 | Swamp:3  | Noticed Bai Suzhen
 46775 | Swamp:3  | Killed Bai Suzhen
 47354 | Swamp:4  | Entered Level 4 of the Swamp
 47970 | Swamp:4  | Noticed the 27-headed Lernaean hydra
 47971 | Swamp:4  | Reached XP level 20. HP: 131/150 MP: 26/39
 47972 | Swamp:4  | Reached skill level 24 in Ice Magic
 47974 | Swamp:4  | Killed the 27-headed Lernaean hydra
 47975 | Swamp:4  | Noticed Mara
 48183 | Swamp:4  | Killed Mara
 48381 | Swamp:4  | Got a decaying rune of Zot
 48887 | Vaults:1 | Entered Level 1 of the Vaults
 49902 | Vaults:1 | Reached skill level 25 in Ice Magic
 51637 | Vaults:2 | Acquired an uncursed staff of cold
 51775 | Vaults:2 | Reached XP level 21. HP: 144/156 MP: 40/40
 53179 | Vaults:3 | Reached skill level 26 in Ice Magic
 53422 | Vaults:3 | Noticed Frederick
 53424 | Vaults:3 | Killed Frederick
 54607 | Vaults:3 | Found a staircase to the Crypt.
 55029 | Vaults:4 | Reached XP level 22. HP: 137/163 MP: 41/41
 55604 | Vaults:4 | Reached skill level 5 in Shields
 55705 | Vaults:4 | Found Cidysoxu's Assorted Antiques.
 56009 | Vaults:4 | Found a huge runed gate.
 56009 | Vaults:4 | Found a huge runed gate.
 56011 | Vaults:4 | Found a huge runed gate.
 56011 | Vaults:4 | Found a huge runed gate.
 56011 | Vaults:4 | Found a huge runed gate.
 56012 | Vaults:4 | Found a huge runed gate.
 56012 | Vaults:4 | Found a huge runed gate.
 56012 | Vaults:4 | Found a huge runed gate.
 56013 | Vaults:4 | Found a huge runed gate.
 56013 | Vaults:4 | Found a huge runed gate.
 56018 | Vaults:4 | Found a huge runed gate.
 56018 | Vaults:4 | Found a huge runed gate.
 56018 | Vaults:4 | Found a huge runed gate.
 56018 | Vaults:4 | Found a huge runed gate.
 56018 | Vaults:4 | Found a huge runed gate.
 56018 | Vaults:4 | Found a huge runed gate.
 56019 | Vaults:4 | Found a huge runed gate.
 56020 | Vaults:4 | Found a huge runed gate.
 56021 | Vaults:4 | Found a huge runed gate.
 56059 | Vaults:4 | Found a huge runed gate.
 56059 | Vaults:4 | Found a huge runed gate.
 56059 | Vaults:4 | Found a huge runed gate.
 56059 | Vaults:4 | Found a huge runed gate.
 56059 | Vaults:4 | Found a huge runed gate.
 56060 | Vaults:4 | Found a huge runed gate.
 56061 | Vaults:4 | Found a huge runed gate.
 56062 | Vaults:4 | Found a huge runed gate.
 56063 | Vaults:4 | Found a huge runed gate.
 56071 | Vaults:4 | Found a huge runed gate.
 56071 | Vaults:4 | Found a huge runed gate.
 56071 | Vaults:4 | Found a huge runed gate.
 56071 | Vaults:4 | Found a huge runed gate.
 56071 | Vaults:4 | Found a huge runed gate.
 56071 | Vaults:4 | Found a huge runed gate.
 56071 | Vaults:4 | Found a huge runed gate.
 56076 | Vaults:4 | Found a huge runed gate.
 56137 | Vaults:4 | Reached skill level 27 in Ice Magic
 57246 | Vaults:4 | Reached XP level 23. HP: 171/171 MP: 43/43
 57844 | Elf:1    | Entered Level 1 of the Elven Halls
 58145 | Elf:1    | Found Nurch's Antique Armour Emporium.
 58282 | Elf:1    | Identified Sif Muna's Catalogue of Creative Attacks
 58518 | Elf:1    | Found a runed translucent gate.
 58519 | Elf:1    | Found a runed translucent gate.
 58520 | Elf:1    | Found a runed translucent gate.
 58520 | Elf:1    | Noticed Yakesh's ghost (adept MiFi)
 58520 | Elf:1    | Noticed Xihoome's ghost (veteran MiGl)
 58521 | Elf:1    | Found the +0 pair of fencer's gloves {Riposte Dex+3}
 59136 | Elf:1    | Killed Yakesh's ghost
 59137 | Elf:1    | Killed Xihoome's ghost
 59872 | Elf:2    | Found a shimmering blue altar of Sif Muna.
 60044 | Elf:2    | Found a runed translucent gate.
 60044 | Elf:2    | Found a runed translucent gate.
 60044 | Elf:2    | Found a runed translucent gate.
 60454 | Elf:2    | Learned a level 6 spell: Invisibility
 60552 | Elf:2    | Reached skill level 1 in Hexes
 60896 | Elf:3    | Entered Level 3 of the Elven Halls
 61628 | Elf:3    | Reached XP level 24. HP: 111/184 MP: 38/43
 61662 | Elf:3    | Identified the +8 long sword of Checkmate {freeze, rN+}
 61683 | Elf:3    | Identified Sif Muna's Almanac of Supportive Ice
 61696 | Elf:3    | Got an ichor-stained hunting sling
 61696 | Elf:3    | Identified the +10 hunting sling of the Secret Dances
                  | {venom, *Corrode rF+++ Dex+4} (You found it on level 3 of
                  | the Elven Halls)
 61719 | Elf:3    | Reached skill level 5 in Hexes
 62625 | Elf:3    | Identified the +9 halberd "Seothrext" {vorpal, +Rage Str-5
                  | Int+6 SInv}
 62628 | Elf:3    | Reached skill level 1 in Slings
 62693 | Elf:3    | Identified the +4 flail of the Crushing Stork {vorpal,
                  | rPois rC+++ Str-3 Int+7}
 62860 | Elf:3    | Identified the +7 war axe of Instinct {antimagic, rPois
                  | Dex+4}
 62914 | Elf:3    | Identified the Compendium of Congealing Translocation
 62945 | Elf:3    | Identified Sif Muna's Reference Book on Toxins and Clay
 63233 | Depths:1 | Entered Level 1 of the Depths
 63233 | Depths:1 | Found a one-way gate leading to the halls of Pandemonium.
 63578 | Depths:1 | Found a gateway to Hell.
 64027 | Depths:1 | Noticed the Enchantress
 64031 | Depths:1 | Killed the Enchantress
 64360 | Depths:1 | Found a one-way gate to the infinite horrors of the Abyss.
 64676 | Depths:2 | Reached skill level 10 in Shields
 64793 | Depths:2 | Reached XP level 25. HP: 164/193 MP: 5/44
 64989 | Depths:2 | Reached skill level 5 in Slings
 65167 | Depths:2 | Reached skill level 15 in Fighting
 65199 | Depths:2 | Identified the +6 hunting sling of Beneyjot {speed, Fragile
                  | Will+ Dex+3}
 65655 | Depths:2 | Noticed an ancient lich
 65656 | Depths:2 | Killed an ancient lich
 66085 | Depths:2 | Reached XP level 26. HP: 201/201 MP: 44/44
 66510 | Depths:3 | Found a gateway to a ziggurat.
 66543 | Depths:3 | Found a flickering gateway to a bazaar.
 66552 | Bazaar   | Entered a bazaar
 66648 | Bazaar   | Found Jaeg's Gadget Shop.
 66662 | Bazaar   | Found Rorankizoe's Antique Armour Shop.
 67458 | D:10     | You paid a toll of +4 fire dragon scales to enter a
                  | treasure trove
 67459 | Trove    | Entered a treasure trove
 67463 | Trove    | Found the +3 sling "Punk" {acid, rCorr}
 67468 | Trove    | Got a slimy demon blade
 67497 | D:10     | Identified the +2 demon blade of Destiny {venom, Str+3}
                  | (You found it in a treasure trove)
 67834 | Depths:4 | Reached skill level 10 in Summonings
 68047 | Depths:4 | Reached skill level 10 in Hexes
 69763 | Vaults:5 | Entered Level 5 of the Vaults
 69767 | Vaults:5 | Reached XP level 27. HP: 210/210 MP: 44/44
 69770 | Vaults:5 | Noticed Margery
 69775 | Vaults:5 | Killed Margery
 69948 | Vaults:5 | Paralysed by a sphinx for 7 turns
 69956 | Vaults:5 | HP: 2/210 [vault warden/+0 great mace (15)]
 69956 | Vaults:5 | Killed from afar by a titan

Illustrated notes

Levels and vault maps discovered:
D:1:      dpeg_arrival_refuge, layout_basic
D:2:      layout_rooms, lemuel_crystal_altar, grunt_qazlal_clouds,
          amcnicky_mini_corridor_feature, uniq_jessica
D:3:      layout_loops_ring, lemuel_coloured_pillars_altar, tso_altar
D:4:      layout_loops_ring, grunt_temple_overflow_growth_and_decay,
          makhleb_heckhound_becter, serial_aquarium, aquarium_bridge_long_joined
          [aquarium_subvault_bridge, aquarium_subvault_bridge,
          aquarium_subvault_balcony, aquarium_subvault_wall,
          aquarium_subvault_wall, aquarium_subvault_wall],
          aquarium_window_corridor_1, aquarium_window_1, aquarium_window_fake,
          aquarium_window_fake, aquarium_view_2d, minmay_goblin_kobold_house,
          uniq_pikel, uniq_robin
D:5:      minmay_skewed_foursquare, layout_cave_pools,
          minmay_temple_entry_junction, serial_co_window_serial,
          co_window_paths_a, co_window_corner_a, co_window_paths_b,
          co_window_paths_a, co_window_paths_b, co_window_broadway_c,
          co_window_broadway_b, co_window_unsneaky_path_a, co_window_broadway_c,
          co_window_sun, glass_columns_a, glass_columns_a, glass_columns_a,
          glass_columns_b, serial_shops, kennysheep_mini_moat, uniq_eustachio
D:6:      layout_rooms, elyvilon_altar_1, st_stairs_4
D:7:      layout_basic, zin_academy, uniq_menkaure
D:8:      layout_loops_cross, lemuel_round_altar, okawaru_altar_gauntlet_db,
          grunt_lair_entry_orc_guard_hut, serial_shops, shop, serial_glass,
          glass_columns_b, glass_columns_b
D:9:      layout_irregular_city, general_overflow_altar, lemuel_round_altar,
          minmay_orc_keep
D:10:     layout_rooms, nicolae_trove_entry_diagonal, minmay_joined_circles,
          uniq_sonja
D:11:     layout_big_octagon, zombieorc2_lemuel, small_statue_alley_a
D:12:     layout_long_grid
D:13:     layout_roguey, erik_vaults_2, special_room [special_room_orc],
          serial_shops, shop
D:14:     layout_irregular_city
D:15:     hangedman_depths_entry_try_elsewhere_first, layout_rooms,
          hangedman_abyss_or_decor_stagger, nicolae_ru_sacrificial_ziggurat,
          uniq_josephine, uniq_louise, uniq_nessos
Temple:   compressed_dpeg_triangle_lava_temple
Lair:1:   layout_regular_city, uniq_urug
Lair:2:   layout_regular_city, minmay_swamp_entry_eels, basic_altar
Lair:3:   layout_small_grid, guppyfry_snake_entry_garden,
          small_statue_intersection
Lair:4:   layout_regular_city, portal_ice_cave_entry_pillars_2
Lair:5:   layout_cave_pods, dpeg_slime_entry_enclosed_altar,
          gauntlet_entry_generic, ebering_ghost_xom, lemuel_centaur_altar,
          grunt_megastairs_4
Lair:6:   gammafunk_lair_ancient_temple, layout_regular_city, minivault_19,
          tgw_fedhas, serial_bayou_shore_b, serial_bayou_shore_b
Swamp:1:  layout_basic_swamp, evilmike_swamp_ruin_rubble_1, swamp_pool1
Swamp:2:  layout_basic_swamp, evilmike_swamp_ruin_house_2
Swamp:3:  nicolae_swamp_phyte_club, layout_falls_marsh,
          nicolae_swamp_rocky_clearing, swamp_pool5, uniq_nikola,
          uniq_bai_suzhen
Swamp:4:  swamp_vile, layout_basic_swamp, uniq_mara
Snake:1:  layout_rooms, grunt_megastairs_2, minmay_shop_star, uniq_donald
Snake:2:  layout_misc_corridors, special_room, uniq_roxanne
Snake:3:  layout_onion_interference, minmay_shop_grove, serial_bayou_shore_b,
          grunt_megastairs_5
Snake:4:  grunt_snake_rune_serpentine_throne, layout_gridlike,
          gammafunk_ghost_cemetery, drop_trap, serial_bayou_lagoon_b
Orc:1:    layout_caves, nicolae_volcano_entry_s_turn, bh_open_orc_temple,
          uniq_maurice
Orc:2:    grunt_orc_tribal_feast, layout_diamond_mine, statue_in_the_mist_lemuel
Elf:1:    eino_elf_arrival_customs, layout_rooms, gammafunk_ghost_cemetery,
          serial_shops, shop, minmay_elf_sorcery, st_stairs_12,
          small_chamber_with_monster, grunt_ministairs_6, minivault_16,
          minivault_4
Elf:2:    layout_geoelf_octagon, basic_altar
Elf:3:    nooodl_elf_gasket, layout_gridlike
Vaults:1: vaults_room_hallway, nicolae_vaults_windows_and_doors_thing,
          v_misc_22, vaults_dpeg_cross, vaults_mumra_minichess,
          ontoclasm_vaults_chip, vaults_room_stairs_pillars, vaults_dpeg_hooks,
          hangedman_vaults_stretched_pinwheel, nicolae_vaults_yaktaur_gun_rack,
          layout_vaults_omnigrid
Vaults:2: nicolae_vaults_what_the_h, vaults_room_ringed_pool, v_misc_8,
          vaults_room_grunt_arrival_ludios, nicolae_vaults_sealed_display,
          ontoclasm_vaults_tryst, nicolae_vaults_three_branches,
          vaults_dpeg_doors, nicolae_vaults_back_hallway, vaults_dpeg_diagonal,
          v_pattern_5, nicolae_vaults_little_ls, hangedman_vaults_slice,
          nicolae_vaults_ring_of_whatevers, layout_vaults_maze_bifur
Vaults:3: minmay_crypt_entry_simple_statues, dpeg_vaults_monster_row,
          nicolae_vaults_bisected_inception, v_alt_pattern_1,
          ontoclasm_vaults_chip, v_misc_10, v_misc_13, ontoclasm_vaults_pinch,
          nicolae_vaults_alarming, vaults_dpeg_encased_lava,
          layout_vaults_chaotic_city, uniq_frederick
Vaults:4: st_greater_box_2, vaults_not_door_vault_mu,
          nicolae_vaults_network_square, vaults_room_door_hall, v_misc_32,
          hangedman_vaults_restitches, v_alt_pattern_1, v_misc_13,
          vaults_room_pools, hangedman_vaults_nodes, vaults_dpeg_ring,
          ontoclasm_vaults_idyll, hangedman_vaults_nails, grunt_vaults_focal,
          layout_vaults_omnibox, serial_shops, nicolae_shop_stone
Vaults:5: serial_shops, uniq_margery
Depths:1: layout_gridlike, hangedman_coc_ice_floe, minmay_misc_feat_chi,
          hangedman_abyss_entry_splay, pan_entry, kennysheep_windowed_goal,
          serial_bayou_shore_a, uniq_enchantress
Depths:2: lemuel_river_lethe, pan_entry, hell_entry
Depths:3: hangedman_cross_veins, layout_gridlike, enter_ziggurat_d,
          serial_shops, freezing_bzr, minmay_misc_feat_secret_circle,
          grunt_mini_vestibule, rand_demon_pan_entry_1,
          infiniplex_staircase_pillars_2, serial_bayou_shore_b
Depths:4: minmay_the_grid_3x2 [minmay_the_grid_slots, minmay_the_grid_dragon_b,
          minmay_the_grid_armoury, minmay_the_grid_medium_cups,
          minmay_the_grid_large_cup, minmay_the_grid_prize_big_room],
          layout_cave_pools, hell_entry, serial_sigils,
          serial_sigils_hangedman_leer, serial_sigils_hangedman_etch,
          serial_sigils_hangedman_shear, serial_sigils_hangedman_confine,
          abyss_entry, minmay_starry_boxes

Skill      XL: |  1  2  3  4  5  6  7  8  9 10 11 12 13 14 15 16 17 18 19 20 21 22 23 24 25 26 27 |
---------------+----------------------------------------------------------------------------------+-----
Ice Magic      | 5 7 8 10 12 14 15 17 18 19 20 21 23 25 26 27 | 27.0
Polearms       | 1 4 9 11 13 14 | 14.0
Dodging        | 3 4 8 10 11 13 14 15 16 17 18 19 20 21 22 | 22.0
Fighting       | 3 4 6 8 10 11 12 13 14 15 | 15.9
Shields        | 1 4 7 9 10 11 | 11.6
Spellcasting   | 3 4 6 7 9 10 12 14 15 16 17 | 17.9
Armour         | 2 3 |  3.0
Summonings     | 4 5 7 8 9 11 | 11.7
Hexes          | 4 7 9 11 | 11.5
Slings         | 4 5 6 |  6.0
Stealth        | |  2.1

Action                   |  1- 3 |  4- 6 |  7- 9 | 10-12 | 13-15 | 16-18 | 19-21 | 22-24 | 25-27 || total
-------------------------+-------+-------+-------+-------+-------+-------+-------+-------+-------++-------
Melee: Short sword       |    15 |       |       |       |       |       |       |       |       ||    15
       Hand axe          |    21 |    36 |       |       |       |       |       |       |       ||    57
       War axe           |       |    25 |   204 |   382 |   894 |   717 |   156 |       |       ||  2378
       Trident           |       |       |       |    15 |    62 |       |       |       |       ||    77
       Tailslap          |       |       |       |     1 |     7 |       |    12 |     9 |    11 ||    40
       Demon trident     |       |       |       |       |       |       |   649 |   479 |   282 ||  1410
 Fire: Shortbow          |       |       |       |    16 |    13 |       |       |       |       ||    29
       Hunting sling     |       |       |       |       |       |       |       |    61 |       ||    61
Throw: Dart              |       |       |     3 |    15 |     3 |       |     1 |     4 |       ||    26
 Cast: Freeze            |    23 |     6 |       |     3 |     2 |       |       |       |       ||    34
       Frozen Ramparts   |     1 |     9 |    13 |    42 |    49 |     7 |       |       |       ||   121
       Ozocubu's Armour  |       |       |     2 |    14 |    20 |     2 |       |       |       ||    38
       Summon Ice Beast  |       |       |       |    57 |    73 |    19 |     1 |       |       ||   150
       Ozocubu's Refrige |       |       |       |       |    38 |   202 |   241 |   204 |    86 ||   771
       Absolute Zero     |       |       |       |       |       |       |    38 |    83 |    40 ||   161
  Use: Scroll            |       |       |     8 |    13 |    20 |     5 |     2 |     9 |     9 ||    66
       Potion            |       |       |     1 |     1 |     4 |     1 |       |       |     1 ||     8
 Stab: Sleeping          |     6 |     3 |     5 |    10 |     4 |     7 |     7 |     3 |       ||    45
       Distracted        |     1 |       |     1 |     4 |     6 |     2 |     3 |     2 |     6 ||    25
Armor: Robe              |    11 |     5 |    91 |   218 |    29 |       |       |       |       ||   354
       Leather armour    |       |    20 |     2 |       |       |       |       |       |       ||    22
       Ring mail         |       |       |       |       |   417 |     1 |       |       |       ||   418
       Acid dragon scale |       |       |       |       |       |   239 |   122 |    58 |    30 ||   449
Dodge: Dodged            |    32 |    55 |   165 |   402 |   928 |   544 |   367 |   230 |   143 ||  2866
Block: Buckler           |       |       |     1 |   117 |   513 |   526 |   320 |   159 |   114 ||  1750
       Reflection        |       |       |       |       |    14 |    45 |    37 |    32 |    10 ||   138
       Rpst.: Demon trident |       |       |       |       |       |       |       |    20 |    33 ||    53
       Hunting sling     |       |       |       |       |       |       |       |     3 |       ||     3
